 Dungeon Crawl Stone Soup version 0.22-a0-303-g4a852b3 (webtiles) character file.

25 Kairos the Cudgeler (level 3, 22/22 HPs)
             Began as a Gargoyle Gladiator on Mar 27, 2018.
             Got out of the dungeon alive.
             The game lasted 00:00:53 (681 turns).

Kairos the Cudgeler (Gargoyle Gladiator)             Turns: 681, Time: 00:00:55

Health: 22/22      AC: 12    Str: 17    XL:     3   Next: 4%
Magic:  3/3        EV:  7    Int:  8    God:
Gold:   87         SH:  0    Dex: 12    Spells: 2/2 levels left

rFire    . . .     SeeInvis .   a - +0 flail
rCold    . . .     Gourm    .   (no shield)
rNeg     + . .     Faith    .   e - +0 chain mail
rPois    ∞         Spirit   .   c - +0 helmet
rElec    +         Reflect  .   (no cloak)
rCorr    .         Harm     .   (no gloves)
MR       .....                  (no boots)
Stlth    ..........             (no amulet)
HPRegen  0.07/turn              (no ring)
MPRegen  0.08/turn              (no ring)

@: no status effects
A: negative energy resistance 1, electricity resistance, unbreathing,
petrification resistance, rot immunity, AC +3
a: no special abilities


You escaped.
You were not hungry.

You visited 1 branch of the dungeon, and saw 1 of its levels.

You collected 87 gold pieces.

Inventory:

Hand Weapons
 a - a +0 flail (weapon)
Missiles
 d - 3 throwing nets (quivered)
Armour
 b - a +0 leather armour
 c - a +0 helmet (worn)
 e - a +0 chain mail (worn)
Scrolls
 g - a scroll of fog {unknown}
 h - 2 scrolls of amnesia {unknown}
 i - 2 scrolls of identify {unknown}
Comestibles
 f - 4 rations


   Skills:
 + Level 2.8 Fighting
 + Level 3.3 Maces & Flails
 + Level 1.9 Throwing
 + Level 2.7 Dodging


You had 2 spell levels left.
You didn't know any spells.

Dungeon Overview and Level Annotations

Branches:
Dungeon (1/15)

Altars:


Innate Abilities, Weirdness & Mutations

You are resistant to torment.
Your stone body is resilient. (AC +3)
You are immune to poison.
You resist negative energy. (rN+)
You are resistant to electric shocks. (rElec)
You can survive without breathing.
You are immune to petrification.
You are immune to rotting.


Message History

You feel agile. The kobold hits you but does no damage.
A kobold is nearby!
You hit the kobold.
You kill the kobold!
No target in view!
No target in view!
You see here a dagger.
You now have 87 gold pieces (gained 15).
Key pressed, stopping explore.
There is a stone staircase leading down here.
Done exploring.
Done exploring.
Done exploring.
Done exploring.
Done exploring.
There is a stone staircase leading down here.
There is a staircase leading out of the dungeon here.
Are you sure you want to leave the Dungeon?
This will make you lose the game!
You have escaped!

#.#####.#....##.#####.####....
#...........................##
#######^.....(......((...##...
#.###.#####.#####..#####
#...#.#...#.#...#..#
#.###.###.###.###.##
#.#.....#)....#...#
#.#.###.#.###.###.#
######.#.#.#@#.#.#...#.#
#.)....###.###.#.#####.#
#.####.........#.......# #.#
#.###)###.#.#####.## #.#
#.#.#.#.#.#.#...#..# #.#
#.#.###.#(###.###..# #.#
#.#.....#.....#....# #.#
#.###.###.###.###..#
#.####...#.#...#.#.).#..# ###


There were no monsters in sight!

Vanquished Creatures
  A dart slug (D:1)
  4 leopard geckos (D:1)
  A goblin (D:1)
  2 hobgoblins (D:1)
  2 bats (D:1)
  A frilled lizard (D:1)
  7 kobolds (D:1)
  2 rats (D:1)
20 creatures vanquished.

Notes
Turn   | Place    | Note
-------+----------+-------------------------------------------
     0 | D:1      | Kairos the Gargoyle Gladiator began the quest for the Orb.
     0 | D:1      | Reached XP level 1. HP: 12/12 MP: 1/1
   112 | D:1      | Reached XP level 2. HP: 17/17 MP: 2/2
   538 | D:1      | Reached XP level 3. HP: 20/22 MP: 3/3
   681 | D:$      | Got out of the dungeon alive.

Vault maps used:
D:1:      evilmike_arrival_hilbert_curve

Action                   || total
-------------------------++-------
Melee: Flail             ||    55
Armor: Leather armour    ||     2
       Chain mail        ||    31
Dodge: Dodged            ||    23

Table legend:
 A = Spawn XP
 B = Non-spawn XP
 C = Spawn XP percentage of total XP
 D = Spawn monster count
 E = Non-spawn monster count
 F = Spawn count percentage of total count
 G = Total turns spent on level
                    A         B        C        D         E        F      G
               +---------+---------+-------+---------+---------+-------+---------
         Total |       0 |      36 |   0.0 |       0 |      20 |   0.0 |   681
               +---------+---------+-------+---------+---------+-------+---------
           D:1 |       0 |      36 |   0.0 |       0 |      20 |   0.0 |   681
               +---------+---------+-------+---------+---------+-------+---------
